 Dungeon Crawl Stone Soup version 0.29-a0-341-g24ffce5b50 (webtiles) character file.

Game seed: 10565364150530216049

2 spaghetti the Sneak (level 1, -2/21 HPs)
             Began as a Naga Delver on Apr 20, 2022.
             Killed from afar by a white imp (10 damage)
             ... with a puff of frost
             ... on level 5 of the Dungeon.
             The game lasted 00:00:11 (20 turns).

spaghetti the Sneak (Naga Delver)                     Turns: 20, Time: 00:00:12

Health: -2/21      AC:  1    Str: 14    XL:     1   Next: 30%
Magic:  1/1        EV:  9    Int: 10    God:
Gold:   0          SH:  0    Dex: 12    Spells: 0/0 levels left

rFire   . . .      SeeInvis +   i - +2 dagger (holy) {short}
rCold   . . .      Faith    .   (no shield)
rNeg    . . .      Spirit   .   b - +0 leather armour
rPois   +          Reflect  .   (no helmet)
rElec   .          Harm     .   (no cloak)
rCorr   .          Rampage  .   (no gloves)
Will    .....                   (no barding)
Stlth   +++.......              (no amulet)
HPRegen 0.07/turn               (no ring)
MPRegen 0.07/turn               (no ring)

@: very slow
A: AC +0, large, see invisible, deformed body, poison resistance, slowness 2,
spit poison 1, naga tail 1
a: Spit Poison


You were on level 5 of the Dungeon.
You visited 1 branch of the dungeon, and saw 1 of its levels.


Innate Abilities, Weirdness & Mutations

Your serpentine skin is tough. (AC +0)
You have supernaturally acute eyesight. (SInv)
Armour fits poorly on your strangely shaped body.
Your system is resistant to poisons. (rPois)
You cover ground very slowly.
You can spit poison.
You have a snake-like lower body.


   Skills:
 - Level 3.0 Fighting
 - Level 2.0 Long Blades
 - Level 1.5 Dodging
 + Level 7.4 Stealth


You couldn't memorise any spells.
You didn't know any spells.
Your spell library was empty.

Inventory:

Hand Weapons
 a - a +0 falchion {long}
 i - a +2 dagger of holy wrath (weapon) {short}
   (You took it off an orc on level 5 of the Dungeon)
Armour
 b - a +0 leather armour (worn)
Wands
 g - a wand of digging (3)
 h - a wand of flame (1)
   (You found it on level 5 of the Dungeon)
Scrolls
 c - a scroll of fog
 d - a scroll of magic mapping {!r}
 e - a scroll of fear
Potions
 f - a potion of haste {@q3}

Dungeon Overview and Level Annotations

Branches:
Dungeon (5/15)
 Temple: D:4-7

Altars:

.## ###..###. ##
......... .
........#
#.#.......#
#.###.#....:...
#.......5.....#
#.@##### #......##
### #).###..#...
####.####.#.###
##......##...<.#
.............#....
........###### ..
........#
.......>#


You could see a white imp.


Message History

🤖 Initializing magus.rc ...
Options error: Delay interrupt name "hungry" not recognised. (~/.crawlrc:4761) Options error: Bad monster_list_colour key: strict_neutral (~/.crawlrc:4776) ✅ Successfully initialized magus.rc [v1.9.6] Welcome, spaghetti the Naga Delver.
You feel drawn to the Orb of Zot, downwards into the unfathomable depths...
Press ? for a list of commands and other information.
Found a short sword.
Found a stone staircase leading down.
Found a stone staircase leading up.
An orc comes into view.
It is wielding a +2 dagger of holy wrath.
You see here a wand of flame (3).
An orc is nearby!
An orc is nearby!
An orc is nearby!
h - a wand of flame (3)
Aiming: Throw Flame
Press: ? - help, Shift-Dir - straight line, f - orc
Aim: an orc, wielding a +2 dagger of holy wrath (wandering, hasn't noticed you, 68% to hit)
The puff of flame hits the orc.
The orc shouts!
You hear a shout!
Aiming: Throw Flame
Press: ? - help, Shift-Dir - straight line, f/p - orc
Aim: an orc, wielding a +2 dagger of holy wrath (severely wounded, 68% to hit)
The puff of flame hits the orc.
You kill the orc!
A white imp comes into view.
The white imp shouts, "Kneel, thou canting toad-spotted pigeon-egg!"
The white imp hits you. The white imp freezes you.
Things that are here:
a +2 dagger of holy wrath {short}; an orc corpse 😕 HP[-5]
You take 5 damage, and now have 16/21 hp.
MASSIVE DAMAGE!! (PAUSE)
i - a +2 dagger of holy wrath {short} The white imp hits you.
The white imp freezes you. 😮 HP[-3]
You take 3 damage, and now have 13/21 hp.
Your +2 dagger of holy wrath {short} softly glows with a divine radiance!
i - a +2 dagger of holy wrath (weapon)
{short} You hit the white imp but do no damage.
The white imp puffs mist at you. The white imp hits you.
The white imp freezes you.
* * * LOW HITPOINT WARNING * * *
😨 HP[-5]
You take 5 damage, and now have 8/21 hp.
MASSIVE DAMAGE!! (PAUSE)
You hit the white imp but do no damage. The white imp gestures at you.
The puff of frost hits you!
You die...

Action                   || total
-------------------------++-------
Melee: Dagger            ||     2
Evoke: Wand              ||     2

Levels and vault maps discovered:
D:5:      layout_rooms, mainiacjoe_overflow_surrounded_room,
          eino_small_chamber_without_monster, uniq_eustachio

Notes
Turn   | Place    | Note
-------+----------+-------------------------------------------
     0 | D:5      | spaghetti the Naga Delver began the quest for the Orb.
     0 | D:5      | Reached XP level 1. HP: 21/21 MP: 1/1
     0 | D:5      | magus.rc [v1.9.6]
    20 | D:5      | Killed from afar by a white imp

Vanquished Creatures
  An orc (D:5)
1 creature vanquished.

Table legend:
 A = Non-vault XP
 B = Vault XP
 C = Vault XP percentage of total XP
 D = Non-vault monster count
 E = Vault monster count
 F = Vault count percentage of total count
                 A         B        C        D         E       F
            +---------+---------+-------+---------+---------+-------
      Total |       3 |       0 |   0.0 |       1 |       0 |   0.0
            +---------+---------+-------+---------+---------+-------
        D:5 |       3 |       0 |   0.0 |       1 |       0 |   0.0
            +---------+---------+-------+---------+---------+-------

Illustrated notes

Table legend:
 A = Kills in this place as a percentage of kills in entire the game.
 B = Kills by you in this place as a percentage of kills by you in the entire game.
 C = Kills by friends in this place as a percentage of kills by friends in the entire game.
 D = Other kills in this place as a percentage of other kills in the entire game.
 E = Experience gained in this place as a percentage of experience gained in the entire game.
 F = Experience gained in this place divided by the number of levels of this place that you have seen.
                   A       B       C       D       E      F
               +-------+-------+-------+-------+-------+----------------------
         Total | 100.0 | 100.0 |   N/A |   N/A | 100.0 |   3.0
       Dungeon | 100.0 | 100.0 |   N/A |   N/A | 100.0 |   3.0
               +-------+-------+-------+-------+-------+----------------------

Table legend: (Time is in decaauts)
 A = Elapsed time spent in this place.
 B = Non-inter-level travel time spent in this place.
 C = Inter-level travel time spent in this place.
 D = Time resting spent in this place.
 E = Time spent auto-exploring this place.
 F = Levels seen in this place.
 G = Mean time per level.
                   A        B        C        D        E       F      G
               +--------+--------+--------+--------+--------+-----+--------+
         Total |     25 |     25 |      0 |      0 |     14 |   1 |   25.0 |
       Dungeon |     25 |     25 |      0 |      0 |     14 |   1 |   25.0 |
               +--------+--------+--------+--------+--------+-----+--------+

Top non-repeatable levels by time:
     D:5: 25 daAuts
